Hershey Bears vs Belleville Senators

Created - 12 octobre 2023 at 10:26

Goals
1 2 3 OT1 SO T
Hershey Bears 1 4 0 0 1 5
Belleville Senators 0 1 4 0 2 6
Shots
1 2 3 OT1 SO T
Hershey Bears 10 21 3 1 4 35
Belleville Senators 7 2 14 3 4 26

GoalsPenalties
1st period
1. Hershey Bears , Kevin Rooney 5 (Philip Broberg 8, Gemel Smith 5) at 5:52
Gabriel Landeskog (OTT) for Roughing (Minor) at 17:15
2nd period
2. Hershey Bears , Jeffrey Viel 8 (Philip Broberg 9) at 5:21
3. Belleville Senators , Kieffer Bellows 10 (Glenn Gawdin 9) at 7:09
4. Hershey Bears , Ryan Carpenter 10 (A.J. Greer 11) at 15:14
5. Hershey Bears , Yegor Chinakhov 7 (Alex Barré-Boulet 13, Lukas Reichel 11) at 17:51
6. Hershey Bears , Lukas Reichel 11 (Yegor Chinakhov 13, Alex Barré-Boulet 14) at 19:54
3rd period
7. Belleville Senators , Gabriel Landeskog 6 (Charles Hudon 7, Kristians Rubins 3) at 0:10
8. Belleville Senators , Justin Kirkland 4 (Tyler Wotherspoon 5, Gabriel Landeskog 2) at 2:50
9. Belleville Senators , Cole Schneider 3 (Kieffer Bellows 9) at 5:45
10. Belleville Senators , Kieffer Bellows 11 (Tyler Wotherspoon 6) at 8:24 (PP)
Marc Del Gaizo (WAS) for Hooking (Minor) at 2:53
Lukas Reichel (WAS) for Hooking (Minor) at 7:35
Jeffrey Viel (WAS) for Tripping (Minor) at 9:04
Overtime #1
No Goal
Shootout
Hershey Bears, Yegor Chinakhov - Shot Misses the Net
Belleville Senators, Charles Hudon - Stopped by Magnus Hellberg
Hershey Bears, Lukas Reichel - Stopped by Dylan Garand
Belleville Senators, Isaac Ratcliffe - Stopped by Magnus Hellberg
Hershey Bears, Alex Barré-Boulet - Goal!
Belleville Senators, Gabriel Landeskog - Goal!
Hershey Bears, Kevin Rooney - Shot Misses the Net
Belleville Senators, Cole Schneider - Goal!
Goalie Stats
Magnus Hellberg (WAS), 21 saves from 26 shots - (0,808), OTL, 8-4-4, 65:00 minutes
Dylan Garand (OTT), 30 saves from 35 shots - (0,857), W, 8-8-3, 65:00 minutes
3 StarsOfficial
1 - Kieffer Bellows (OTT)
2 - Yegor Chinakhov (WAS)
3 - Cole Schneider (OTT)
Referees : Carter Sandlak and Chris Schlenker
Linesman : Kaylah Krieger and Cassandra Gregory
Game Note
Madison Bowey is injured at 17:13 of 2nd period (Concussion)



Team Name Goals Shots Shots Attemp Shots Blocked PIM HIT PP PK FO%
Hershey Bears 53571116250 / 1 (0%)159%
Belleville Senators 62658122161 / 3 (33%)041%

Hershey Bears
Player Name POS G A P +/- PIM HIT SHT SB MP PP MP PP SHT PK MP PK SHT FO% FOT GA TA
A.J. GreerLW/RW011-1023120:180:4902:29050% 221
Alex Barré-BouletC/LW/RW0221032019:591:1002:04050% 1600
Gemel SmithC0110021010:140:0000:000100% 100
Gerry MayhewC/RW000-1014015:030:4900:1400% 100
Gustav OlofssonD0000041324:250:3102:5000% 000
Jeffrey VielLW1011212114:120:0000:0000% 000
Jonas RondbjergLW/RW0001015112:310:0000:0000% 000
Kaedan KorczakD0000010216:540:0000:0200% 001
Kevin RooneyC1010011013:520:0002:04033% 600
Lukas ReichelLW/RW1121224018:001:1000:0000% 010
Mackenzie MacEachernLW/RW0000012011:350:0000:1400% 000
Marc Del GaizoD0001201120:000:4400:0000% 000
Michael KarowD0000010017:250:0001:5500% 010
Philip BrobergD0221003123:371:2802:5000% 000
Ryan CarpenterC/RW101-1042019:070:4902:29088% 1600
Sean FarrellC/LW0001011012:170:0000:00044% 900
Vincent LorioD0000001122:401:1501:5700% 002
Yegor ChinakhovLW/RW1121002018:011:1000:00067% 330
Belleville Senators
Player Name POS G A P +/- PIM HIT SHT SB MP PP MP PP SHT PK MP PK SHT FO% FOT GA TA
Beck MalenstynC/LW000-3010121:021:2600:500100% 100
Brett MurrayLW000000307:250:3200:22067% 301
Cameron MorrisonLW000000000:580:0000:0000% 000
Charles HudonC/LW/RW0111042020:242:1901:000100% 101
Cole SchneiderLW1011016225:502:4001:0010% 301
Dillon SimpsonD000-2000019:222:1500:5500% 000
Gabriel LandeskogC/LW1121205017:580:0000:00063% 1910
Glenn GawdinC/RW011-3012120:401:4800:06040% 500
Griffin MendelD0000000015:360:3800:0000% 001
Hugh McGingC/LW000-3010013:530:0000:0000% 301
Isaac RatcliffeLW0002001016:441:5800:0300% 020
Justin KirklandLW/RW1011002017:542:1700:3700% 300
Kieffer BellowsLW/RW2131023218:131:2110:00025% 1610
Kristians RubinsD0111020429:412:5101:0700% 000
Madison BoweyD000001008:270:0000:4400% 000
Noel HoefenmayerD0000000016:271:1000:0000% 001
Rhett GardnerC/LW000-100109:340:0000:0000% 001
Tyler WotherspoonD022-1031232:522:4001:1200% 000

Hershey Bears

5 vs 5 Forward
Line #Left WingCenterRight WingPHYDFOFWanted %Time %Time Play
1Lukas ReichelAlex Barré-BouletYegor Chinakhov1223435%18:23
2A.J. GreerRyan CarpenterGerry Mayhew1223026%13:49
3Jeffrey VielSean FarrellJonas Rondbjerg1222623%12:17
4Gemel SmithKevin RooneyMackenzie MacEachern1221016%8:45
5 vs 5 Defense
Line #DefenseDefensePHYDFOFWanted %Time %Time Play
1Philip BrobergMarc Del Gaizo1223736%19:19
2Gustav OlofssonVincent Lorio1223535%18:43
3Michael KarowKaedan Korczak1222829%15:12
4Marc Del GaizoPhilip Broberg12200%0:00
Power Play Forward
Line #Left WingCenterRight WingPHYDFOFWanted %Time %Time Play
1Lukas ReichelAlex Barré-BouletYegor Chinakhov0145459%1:10
2A.J. GreerRyan CarpenterGerry Mayhew1134641%0:49
Power Play Defense
Line #DefenseDefensePHYDFOFWanted %Time %Time Play
1Philip BrobergVincent Lorio0145663%1:15
2Philip BrobergMarc Del Gaizo0144437%0:44
Penalty Kill 4 Players Forward
Line #CenterWingPHYDFOFWanted %Time %Time Play
1Ryan CarpenterA.J. Greer1315257%2:43
2Kevin RooneyAlex Barré-Boulet1314843%2:04
Penalty Kill 4 Players Defense
Line #DefenseDefensePHYDFOFWanted %Time %Time Play
1Gustav OlofssonPhilip Broberg1405659%2:50
2Michael KarowVincent Lorio1404441%1:57
Penalty Kill 3 Players
Line #WingPHYDFOFWanted %Time %Time PlayDefenseDefensePHYDFOFWanted %Time %Time Play
1Ryan Carpenter131540%0:00 Philip BrobergGustav Olofsson140560%0:00
2Alex Barré-Boulet131460%0:00 Michael KarowVincent Lorio140440%0:00
4 vs 4 Forward
Line #CenterWingPHYDFOFWanted %Time %Time Play
1Alex Barré-BouletYegor Chinakhov122560%0:00
2Gerry MayhewLukas Reichel122440%0:00
4 vs 4 Defense
Line #DefensePHYDFOFWanted %Time %Time Play
1Vincent LorioPhilip Broberg122550%0:00
2Philip BrobergMarc Del Gaizo122450%0:00
Last Minutes Offensive
Left WingCenterRight WingDefenseDefense
Lukas ReichelAlex Barré-BouletYegor ChinakhovGustav OlofssonPhilip Broberg
Last Minutes Defensive
Left WingCenterRight WingDefenseDefense
A.J. GreerRyan CarpenterAlex Barré-BouletPhilip BrobergGustav Olofsson
Time
Total ForwardTotal DefenseLast Minutes OffensiveLast Minutes Defensive
60:00 60:00 0:000:00
Extra Forwards
Normal PowerPlayPenalty Kill
Gerry Mayhew, Yegor Chinakhov, Lukas ReichelGerry Mayhew, Alex Barré-BouletGerry Mayhew
Extra Defensemen
Normal PowerPlayPenalty Kill
Philip Broberg, Gustav Olofsson, Vincent LorioPhilip Broberg, Vincent LorioPhilip Broberg
Penalty Shots
Yegor Chinakhov, Lukas Reichel, Alex Barré-Boulet, Kevin Rooney, Gerry Mayhew
Goalie
Magnus Hellberg, Mack Guzda
Scratches
Brandon Hickey (Healthy), Cameron Hebig (Healthy), Brendan Gaunce (Healthy), Alan Quine (Healthy), Jan Mysak (Healthy) Kyle Olson (Healthy), Mason Primeau (Healthy), Eduards Tralmaks (Healthy), Noel Gunler (Healthy), Arber Xhekaj (Healthy) Daniel Torgersson (Healthy), Ole Julian Bjorgvik-Holm (Healthy), Antoine Bibeau (Healthy), Kyle Keyser (Healthy)

Belleville Senators

5 vs 5 Forward
Line #Left WingCenterRight WingPHYDFOFWanted %Time %Time Play
1Cole SchneiderGabriel LandeskogCharles Hudon1224034%18:08
2Isaac RatcliffeKieffer BellowsCole Schneider1223029%15:39
3Rhett GardnerCole SchneiderJustin Kirkland1222013%6:53
4Beck MalenstynHugh McGingGlenn Gawdin1221024%12:34
5 vs 5 Defense
Line #DefenseDefensePHYDFOFWanted %Time %Time Play
1Tyler WotherspoonKristians Rubins1224028%14:49
2Dillon SimpsonTyler Wotherspoon1223023%12:15
3Noel HoefenmayerGriffin Mendel1222022%11:57
4Madison BoweyKristians Rubins1221027%14:13
Power Play Forward
Line #Left WingCenterRight WingPHYDFOFWanted %Time %Time Play
1Cole SchneiderJustin KirklandCharles Hudon1226059%2:49
2Isaac RatcliffeCole SchneiderCharles Hudon1224041%1:58
Power Play Defense
Line #DefenseDefensePHYDFOFWanted %Time %Time Play
1Tyler WotherspoonKristians Rubins1226068%3:14
2Dillon SimpsonTyler Wotherspoon1224032%1:33
Penalty Kill 4 Players Forward
Line #CenterWingPHYDFOFWanted %Time %Time Play
1Charles HudonCole Schneider1226097%1:56
2Cole SchneiderIsaac Ratcliffe122403%0:03
Penalty Kill 4 Players Defense
Line #DefenseDefensePHYDFOFWanted %Time %Time Play
1Tyler WotherspoonKristians Rubins1226056%1:07
2Dillon SimpsonTyler Wotherspoon1224044%0:52
Penalty Kill 3 Players
Line #WingPHYDFOFWanted %Time %Time PlayDefenseDefensePHYDFOFWanted %Time %Time Play
1Cole Schneider122600%0:00 Tyler WotherspoonKristians Rubins122600%0:00
2Cole Schneider122400%0:00 Dillon SimpsonTyler Wotherspoon122400%0:00
4 vs 4 Forward
Line #CenterWingPHYDFOFWanted %Time %Time Play
1Charles HudonCole Schneider122600%0:00
2Cole SchneiderIsaac Ratcliffe122400%0:00
4 vs 4 Defense
Line #DefensePHYDFOFWanted %Time %Time Play
1Tyler WotherspoonKristians Rubins122600%0:00
2Dillon SimpsonTyler Wotherspoon122400%0:00
Last Minutes Offensive
Left WingCenterRight WingDefenseDefense
Cole SchneiderGabriel LandeskogCharles HudonTyler WotherspoonKristians Rubins
Last Minutes Defensive
Left WingCenterRight WingDefenseDefense
Cole SchneiderGabriel LandeskogCharles HudonTyler WotherspoonKristians Rubins
Time
Total ForwardTotal DefenseLast Minutes OffensiveLast Minutes Defensive
60:00 60:00 0:000:00
Extra Forwards
Normal PowerPlayPenalty Kill
Justin Kirkland, Glenn Gawdin, Kieffer BellowsJustin Kirkland, Glenn GawdinJustin Kirkland
Extra Defensemen
Normal PowerPlayPenalty Kill
Tyler Wotherspoon, Kristians Rubins, Griffin MendelTyler Wotherspoon, Tyler WotherspoonKristians Rubins
Penalty Shots
Charles Hudon, Isaac Ratcliffe, Gabriel Landeskog, Cole Schneider, Justin Kirkland
Goalie
Dylan Garand, Olivier Rodrigue
Scratches
Bryce Kindopp (Healthy), Jacob Kucharski (Healthy), Jake Kupsky (Healthy)


Play-by-Play

1st period


0:01 of 1st period - Gabriel Landeskog wins face-off versus Alex Barré-Boulet in neutral zone.
0:25 of 1st period - A.J. Greer is hit by Hugh McGing and loses puck.
1:02 of 1st period - Rhett Gardner is hit by Mackenzie MacEachern and loses puck.
1:58 of 1st period - Wrist shot by Kieffer Bellows.
1:58 of 1st period - Shot Misses the Net.
2:18 of 1st period - Mackenzie MacEachern is hit by Madison Bowey.
2:55 of 1st period - Snap shot by Gabriel Landeskog.
2:55 of 1st period - Shot Blocked by Jeffrey Viel.
3:23 of 1st period - Wrist shot by Ryan Carpenter.
3:23 of 1st period - Shot Blocked by Cole Schneider.
3:51 of 1st period - Justin Kirkland is hit by Gustav Olofsson.
3:55 of 1st period - Sean Farrell is hit by Charles Hudon and loses puck.
4:58 of 1st period - Wrist shot by Mackenzie MacEachern.
4:58 of 1st period - Stopped by Dylan Garand without a rebound.
4:59 of 1st period - Gabriel Landeskog wins face-off versus Kevin Rooney in Belleville Senators zone.
5:17 of 1st period - Wrist shot by Kevin Rooney.
5:17 of 1st period - Shot Misses the Net.
5:19 of 1st period - Wrist shot by Kevin Rooney.
5:19 of 1st period - Shot Misses the Net.
5:35 of 1st period - Wrist shot by Kevin Rooney.
5:35 of 1st period - Shot Blocked by Glenn Gawdin.
5:37 of 1st period - Slapshot by Michael Karow.
5:37 of 1st period - Shot Blocked by Tyler Wotherspoon.
5:39 of 1st period - Snap shot by Michael Karow.
5:39 of 1st period - Shot Misses the Net.
5:48 of 1st period - Snap shot by Gemel Smith.
5:48 of 1st period - Shot Blocked by Tyler Wotherspoon.
5:50 of 1st period - Slapshot by Philip Broberg.
5:50 of 1st period - Stopped by Dylan Garand with a rebound.
5:52 of 1st period - Snap shot by Philip Broberg.
5:52 of 1st period - Deflect By Kevin Rooney.
5:52 of 1st period - Goal by Kevin Rooney - Hershey Bears : 1 - Belleville Senators : 0.
5:53 of 1st period - Alex Barré-Boulet wins face-off versus Gabriel Landeskog in neutral zone.
6:41 of 1st period - Sean Farrell is hit by Kieffer Bellows and loses puck.
7:49 of 1st period - Snap shot by Kieffer Bellows.
7:49 of 1st period - Shot Misses the Net.
7:51 of 1st period - Wrist shot by Isaac Ratcliffe.
7:51 of 1st period - Stopped by Magnus Hellberg with a rebound.
8:45 of 1st period - Wrist shot by Lukas Reichel.
8:45 of 1st period - Stopped by Dylan Garand without a rebound.
8:46 of 1st period - Gabriel Landeskog wins face-off versus Sean Farrell in Belleville Senators zone.
9:03 of 1st period - Wrist shot by Lukas Reichel.
9:03 of 1st period - Shot Misses the Net.
9:33 of 1st period - Kristians Rubins is hit by A.J. Greer.
10:47 of 1st period - Off-side.
10:48 of 1st period - Gabriel Landeskog wins face-off versus Alex Barré-Boulet in neutral zone.
11:11 of 1st period - Cole Schneider is hit by Gerry Mayhew and loses puck.
11:16 of 1st period - Slapshot by Gerry Mayhew.
11:16 of 1st period - Stopped by Dylan Garand with a rebound.
11:18 of 1st period - Slapshot by Gustav Olofsson.
11:18 of 1st period - Shot Blocked by Cole Schneider.
11:20 of 1st period - Slapshot by Gustav Olofsson.
11:20 of 1st period - Shot Misses the Net.
11:22 of 1st period - Snap shot by Gerry Mayhew.
11:22 of 1st period - Shot Blocked by Kieffer Bellows.
11:24 of 1st period - Slapshot by Gustav Olofsson.
11:24 of 1st period - Stopped by Dylan Garand with a rebound.
11:33 of 1st period - Off-side.
11:34 of 1st period - Sean Farrell wins face-off versus Hugh McGing in neutral zone.
13:20 of 1st period - Icing by Philip Broberg.
13:21 of 1st period - Ryan Carpenter wins face-off versus Kieffer Bellows in Hershey Bears zone.
13:26 of 1st period - Marc Del Gaizo is hit by Tyler Wotherspoon and loses puck.
13:31 of 1st period - Snap shot by Kieffer Bellows.
13:31 of 1st period - Shot Misses the Net.
13:33 of 1st period - Wrist shot by Kieffer Bellows.
13:33 of 1st period - Stopped by Magnus Hellberg with a rebound.
13:35 of 1st period - Wrist shot by Kieffer Bellows.
13:35 of 1st period - Shot Misses the Net.
13:44 of 1st period - Off-side.
13:45 of 1st period - Yegor Chinakhov wins face-off versus Hugh McGing in neutral zone.
13:50 of 1st period - Hugh McGing is hit by Alex Barré-Boulet and loses puck.
14:01 of 1st period - Snap shot by Yegor Chinakhov.
14:01 of 1st period - Deflect By Hugh McGing.
14:01 of 1st period - Shot Misses the Net.
14:01 of 1st period - Puck is out of play.
14:02 of 1st period - Gabriel Landeskog wins face-off versus Sean Farrell in Belleville Senators zone.
14:02 of 1st period - Gabriel Landeskog is hit by Michael Karow.
14:10 of 1st period - Snap shot by Gabriel Landeskog.
14:10 of 1st period - Stopped by Magnus Hellberg with a rebound.
14:12 of 1st period - Snap shot by Charles Hudon.
14:12 of 1st period - Shot Blocked by Jonas Rondbjerg.
14:14 of 1st period - Slapshot by Tyler Wotherspoon.
14:14 of 1st period - Shot Blocked by Kaedan Korczak.
14:16 of 1st period - Slapshot by Tyler Wotherspoon.
14:16 of 1st period - Shot Misses the Net.
14:18 of 1st period - Slapshot by Gabriel Landeskog.
14:18 of 1st period - Stopped by Magnus Hellberg without a rebound.
14:19 of 1st period - Kieffer Bellows wins face-off versus Alex Barré-Boulet in Hershey Bears zone.
14:22 of 1st period - Snap shot by Kieffer Bellows.
14:22 of 1st period - Deflect By Cole Schneider.
14:22 of 1st period - Stopped by Magnus Hellberg with a rebound.
14:51 of 1st period - Beck Malenstyn is hit by Ryan Carpenter and loses puck.
15:04 of 1st period - Snap shot by Sean Farrell.
15:04 of 1st period - Stopped by Dylan Garand with a rebound.
15:08 of 1st period - Wrist shot by Jeffrey Viel.
15:08 of 1st period - Shot Blocked by Kristians Rubins.
15:10 of 1st period - Wrist shot by Jonas Rondbjerg.
15:10 of 1st period - Stopped by Dylan Garand with a rebound.
15:34 of 1st period - Tyler Wotherspoon is hit by Gemel Smith and loses puck.
16:01 of 1st period - Kaedan Korczak is hit by Charles Hudon and loses puck.
16:20 of 1st period - Wrist shot by Lukas Reichel.
16:20 of 1st period - Stopped by Dylan Garand with a rebound.
17:06 of 1st period - Wrist shot by Ryan Carpenter.
17:06 of 1st period - Stopped by Dylan Garand without a rebound.
17:07 of 1st period - Ryan Carpenter wins face-off versus Gabriel Landeskog in Belleville Senators zone.
17:15 of 1st period - Minor Penalty to Gabriel Landeskog for Roughing.
17:16 of 1st period - Charles Hudon wins face-off versus Alex Barré-Boulet in Belleville Senators zone.
17:16 of 1st period - Charles Hudon is hit by Alex Barré-Boulet.
17:24 of 1st period - Backhand shot by Cole Schneider.
17:24 of 1st period - Stopped by Magnus Hellberg with a rebound.
17:54 of 1st period - Justin Kirkland is hit by Lukas Reichel and loses puck.
18:55 of 1st period - Gerry Mayhew is hit by Charles Hudon.
19:15 of 1st period - Penalty to Gabriel Landeskog is over, Gabriel Landeskog is back on ice.
19:23 of 1st period - Snap shot by Justin Kirkland.
19:23 of 1st period - Stopped by Magnus Hellberg with a rebound.
19:25 of 1st period - Slapshot by Kristians Rubins.
19:25 of 1st period - Shot Misses the Net.
19:49 of 1st period - Snap shot by Yegor Chinakhov.
19:49 of 1st period - Shot Misses the Net.
19:59 of 1st period - Snap shot by Gabriel Landeskog.
19:59 of 1st period - Shot Misses the Net.
Goals for this period are 1 for Hershey Bears vs 0 for Belleville Senators.
Shots for this period are 10 for Hershey Bears vs 7 for Belleville Senators.

2nd period


0:01 of 2nd period - Ryan Carpenter wins face-off versus Kieffer Bellows in neutral zone.
0:10 of 2nd period - Wrist shot by A.J. Greer.
0:10 of 2nd period - Stopped by Dylan Garand without a rebound.
0:11 of 2nd period - Gabriel Landeskog wins face-off versus Sean Farrell in Belleville Senators zone.
1:24 of 2nd period - Slapshot by Marc Del Gaizo.
1:24 of 2nd period - Stopped by Dylan Garand with a rebound.
1:26 of 2nd period - Wrist shot by Mackenzie MacEachern.
1:26 of 2nd period - Shot Misses the Net.
2:22 of 2nd period - Off-side.
2:23 of 2nd period - Alex Barré-Boulet wins face-off versus Kieffer Bellows in neutral zone.
2:28 of 2nd period - Icing by Madison Bowey.
2:29 of 2nd period - Alex Barré-Boulet wins face-off versus Kieffer Bellows in Belleville Senators zone.
3:25 of 2nd period - Slapshot by Gerry Mayhew.
3:25 of 2nd period - Shot Misses the Net.
4:29 of 2nd period - Snap shot by A.J. Greer.
4:29 of 2nd period - Shot Misses the Net.
4:31 of 2nd period - Slapshot by A.J. Greer.
4:31 of 2nd period - Stopped by Dylan Garand without a rebound.
4:32 of 2nd period - Alex Barré-Boulet wins face-off versus Gabriel Landeskog in Belleville Senators zone.
5:21 of 2nd period - Snap shot by Jeffrey Viel.
5:21 of 2nd period - Goal by Jeffrey Viel - Hershey Bears : 2 - Belleville Senators : 0.
5:22 of 2nd period - Gabriel Landeskog wins face-off versus Alex Barré-Boulet in neutral zone.
5:53 of 2nd period - Snap shot by Sean Farrell.
5:53 of 2nd period - Shot Misses the Net.
5:55 of 2nd period - Slapshot by Marc Del Gaizo.
5:55 of 2nd period - Deflect By Jeffrey Viel.
5:55 of 2nd period - Stopped by Dylan Garand without a rebound.
5:56 of 2nd period - Ryan Carpenter wins face-off versus Kieffer Bellows in Belleville Senators zone.
5:57 of 2nd period - Snap shot by Gerry Mayhew.
5:57 of 2nd period - Deflect By Noel Hoefenmayer.
5:57 of 2nd period - Stopped by Dylan Garand with a rebound.
6:11 of 2nd period - Slapshot by Gerry Mayhew.
6:11 of 2nd period - Stopped by Dylan Garand with a rebound.
7:09 of 2nd period - Slapshot by Kieffer Bellows.
7:09 of 2nd period - Goal by Kieffer Bellows - Hershey Bears : 2 - Belleville Senators : 1.
7:10 of 2nd period - Ryan Carpenter wins face-off versus Cole Schneider in neutral zone.
7:21 of 2nd period - Slapshot by Ryan Carpenter.
7:21 of 2nd period - Shot Misses the Net.
7:23 of 2nd period - Slapshot by Philip Broberg.
7:23 of 2nd period - Shot Misses the Net.
7:25 of 2nd period - Snap shot by Ryan Carpenter.
7:25 of 2nd period - Shot Blocked by Kristians Rubins.
7:54 of 2nd period - Slapshot by Jonas Rondbjerg.
7:54 of 2nd period - Stopped by Dylan Garand with a rebound.
7:56 of 2nd period - Wrist shot by Jonas Rondbjerg.
7:56 of 2nd period - Stopped by Dylan Garand with a rebound.
7:58 of 2nd period - Slapshot by Sean Farrell.
7:58 of 2nd period - Shot Misses the Net.
8:00 of 2nd period - Snap shot by Jonas Rondbjerg.
8:00 of 2nd period - Stopped by Dylan Garand without a rebound.
8:01 of 2nd period - Ryan Carpenter wins face-off versus Kieffer Bellows in Belleville Senators zone.
9:10 of 2nd period - Backhand shot by Vincent Lorio.
9:10 of 2nd period - Deflect By Gemel Smith.
9:10 of 2nd period - Shot Misses the Net.
9:10 of 2nd period - Puck is out of play.
9:11 of 2nd period - Gabriel Landeskog wins face-off versus A.J. Greer in Belleville Senators zone.
9:11 of 2nd period - Gabriel Landeskog is hit by Ryan Carpenter.
9:55 of 2nd period - Wrist shot by Rhett Gardner.
9:55 of 2nd period - Shot Blocked by Philip Broberg.
9:57 of 2nd period - Wrist shot by Cole Schneider.
9:57 of 2nd period - Stopped by Magnus Hellberg with a rebound.
10:08 of 2nd period - Icing by Sean Farrell.
10:09 of 2nd period - Sean Farrell wins face-off versus Justin Kirkland in Hershey Bears zone.
10:24 of 2nd period - Jonas Rondbjerg is hit by Tyler Wotherspoon and loses puck.
10:50 of 2nd period - Icing by Noel Hoefenmayer.
10:51 of 2nd period - Ryan Carpenter wins face-off versus Kieffer Bellows in Belleville Senators zone.
10:52 of 2nd period - Snap shot by Gerry Mayhew.
10:52 of 2nd period - Shot Blocked by Kieffer Bellows.
11:10 of 2nd period - Griffin Mendel is hit by Ryan Carpenter.
11:30 of 2nd period - Wrist shot by Yegor Chinakhov.
11:30 of 2nd period - Deflect By Cole Schneider.
11:30 of 2nd period - Stopped by Dylan Garand with a rebound.
11:36 of 2nd period - Lukas Reichel is hit by Kristians Rubins and loses puck.
12:47 of 2nd period - Wrist shot by Kevin Rooney.
12:47 of 2nd period - Shot Blocked by Beck Malenstyn.
13:03 of 2nd period - Snap shot by Vincent Lorio.
13:03 of 2nd period - Stopped by Dylan Garand with a rebound.
13:20 of 2nd period - Wrist shot by Alex Barré-Boulet.
13:20 of 2nd period - Stopped by Dylan Garand without a rebound.
13:21 of 2nd period - Yegor Chinakhov wins face-off versus Glenn Gawdin in Belleville Senators zone.
13:22 of 2nd period - Slapshot by Lukas Reichel.
13:22 of 2nd period - Shot Misses the Net.
13:30 of 2nd period - Snap shot by Yegor Chinakhov.
13:30 of 2nd period - Shot Misses the Net.
13:32 of 2nd period - Slapshot by Philip Broberg.
13:32 of 2nd period - Stopped by Dylan Garand without a rebound.
13:33 of 2nd period - Ryan Carpenter wins face-off versus Gabriel Landeskog in Belleville Senators zone.
13:53 of 2nd period - Gabriel Landeskog is hit by Ryan Carpenter and loses puck.
14:04 of 2nd period - Slapshot by Glenn Gawdin.
14:04 of 2nd period - Shot Misses the Net.
14:12 of 2nd period - Wrist shot by Lukas Reichel.
14:12 of 2nd period - Stopped by Dylan Garand with a rebound.
14:14 of 2nd period - Snap shot by Lukas Reichel.
14:14 of 2nd period - Shot Misses the Net.
14:52 of 2nd period - Gabriel Landeskog is hit by Kevin Rooney and loses puck.
15:14 of 2nd period - Snap shot by A.J. Greer.
15:14 of 2nd period - Deflect By Ryan Carpenter.
15:14 of 2nd period - Goal by Ryan Carpenter - Hershey Bears : 3 - Belleville Senators : 1.
15:15 of 2nd period - Alex Barré-Boulet wins face-off versus Gabriel Landeskog in neutral zone.
15:24 of 2nd period - Slapshot by Philip Broberg.
15:24 of 2nd period - Stopped by Dylan Garand without a rebound.
15:25 of 2nd period - Gabriel Landeskog wins face-off versus Yegor Chinakhov in Belleville Senators zone.
15:40 of 2nd period - Philip Broberg is hit by Charles Hudon and loses puck.
15:59 of 2nd period - Snap shot by Gabriel Landeskog.
15:59 of 2nd period - Deflect By Charles Hudon.
15:59 of 2nd period - Shot Misses the Net.
15:59 of 2nd period - Puck is out of play.
16:00 of 2nd period - Ryan Carpenter wins face-off versus Hugh McGing in Hershey Bears zone.
16:34 of 2nd period - Slapshot by Mackenzie MacEachern.
16:34 of 2nd period - Shot Misses the Net.
16:36 of 2nd period - Wrist shot by Kevin Rooney.
16:36 of 2nd period - Deflect By Gemel Smith.
16:36 of 2nd period - Stopped by Dylan Garand with a rebound.
17:12 of 2nd period - Madison Bowey is hit by Alex Barré-Boulet.
17:13 of 2nd period - Madison Bowey from Belleville Senators is injured at 17:13 of 2nd period (Concussion).
17:14 of 2nd period - Gabriel Landeskog wins face-off versus Gerry Mayhew in Belleville Senators zone.
17:29 of 2nd period - Snap shot by Gerry Mayhew.
17:29 of 2nd period - Shot Misses the Net.
17:47 of 2nd period - Snap shot by Lukas Reichel.
17:47 of 2nd period - Shot Blocked by Kristians Rubins.
17:49 of 2nd period - Snap shot by Alex Barré-Boulet.
17:49 of 2nd period - Stopped by Dylan Garand with a rebound.
17:51 of 2nd period - Slapshot by Yegor Chinakhov.
17:51 of 2nd period - Goal by Yegor Chinakhov - Hershey Bears : 4 - Belleville Senators : 1.
17:52 of 2nd period - Sean Farrell wins face-off versus Cole Schneider in neutral zone.
17:55 of 2nd period - Kristians Rubins is hit by Jonas Rondbjerg and loses puck.
19:02 of 2nd period - Icing by Vincent Lorio.
19:03 of 2nd period - Kevin Rooney wins face-off versus Kieffer Bellows in Hershey Bears zone.
19:34 of 2nd period - Wrist shot by Glenn Gawdin.
19:34 of 2nd period - Shot Misses the Net.
19:54 of 2nd period - Snap shot by Lukas Reichel.
19:54 of 2nd period - Goal by Lukas Reichel - Hershey Bears : 5 - Belleville Senators : 1.
19:55 of 2nd period - Ryan Carpenter wins face-off versus Gabriel Landeskog in neutral zone.
Goals for this period are 4 for Hershey Bears vs 1 for Belleville Senators.
Shots for this period are 21 for Hershey Bears vs 2 for Belleville Senators.

3rd period


0:01 of 3rd period - Gabriel Landeskog wins face-off versus Ryan Carpenter in neutral zone.
0:08 of 3rd period - Slapshot by Charles Hudon.
0:08 of 3rd period - Stopped by Magnus Hellberg with a rebound.
0:10 of 3rd period - Slapshot by Gabriel Landeskog.
0:10 of 3rd period - Goal by Gabriel Landeskog - Hershey Bears : 5 - Belleville Senators : 2.
0:11 of 3rd period - Gabriel Landeskog wins face-off versus Alex Barré-Boulet in neutral zone.
0:43 of 3rd period - Snap shot by Sean Farrell.
0:43 of 3rd period - Shot Misses the Net.
0:45 of 3rd period - Slapshot by Vincent Lorio.
0:45 of 3rd period - Shot Misses the Net.
1:22 of 3rd period - Slapshot by Glenn Gawdin.
1:22 of 3rd period - Stopped by Magnus Hellberg with a rebound.
2:02 of 3rd period - Wrist shot by Charles Hudon.
2:02 of 3rd period - Shot Blocked by Kaedan Korczak.
2:40 of 3rd period - Snap shot by Charles Hudon.
2:40 of 3rd period - Stopped by Magnus Hellberg with a rebound.
2:42 of 3rd period - Snap shot by Tyler Wotherspoon.
2:42 of 3rd period - Shot Misses the Net.
2:44 of 3rd period - Wrist shot by Gabriel Landeskog.
2:44 of 3rd period - Stopped by Magnus Hellberg with a rebound.
2:46 of 3rd period - Snap shot by Gabriel Landeskog.
2:46 of 3rd period - Shot Misses the Net.
2:48 of 3rd period - Slapshot by Tyler Wotherspoon.
2:48 of 3rd period - Stopped by Magnus Hellberg with a rebound.
2:50 of 3rd period - Snap shot by Justin Kirkland.
2:50 of 3rd period - Goal by Justin Kirkland - Hershey Bears : 5 - Belleville Senators : 3.
2:51 of 3rd period - Alex Barré-Boulet wins face-off versus Kieffer Bellows in neutral zone.
2:53 of 3rd period - Minor Penalty to Marc Del Gaizo for Hooking.
2:54 of 3rd period - Ryan Carpenter wins face-off versus Cole Schneider in Hershey Bears zone.
4:53 of 3rd period - Penalty to Marc Del Gaizo is over, Marc Del Gaizo is back on ice.
4:54 of 3rd period - Icing by Noel Hoefenmayer.
4:55 of 3rd period - Beck Malenstyn wins face-off versus Sean Farrell in Belleville Senators zone.
5:00 of 3rd period - Marc Del Gaizo is hit by Beck Malenstyn and loses puck.
5:25 of 3rd period - Off-side.
5:26 of 3rd period - Glenn Gawdin wins face-off versus Kevin Rooney in neutral zone.
5:31 of 3rd period - Wrist shot by Rhett Gardner.
5:31 of 3rd period - Deflect By Justin Kirkland.
5:31 of 3rd period - Shot Misses the Net.
5:31 of 3rd period - Puck is out of play.
5:32 of 3rd period - Alex Barré-Boulet wins face-off versus Glenn Gawdin in Hershey Bears zone.
5:41 of 3rd period - Snap shot by Rhett Gardner.
5:41 of 3rd period - Stopped by Magnus Hellberg without a rebound.
5:42 of 3rd period - Kieffer Bellows wins face-off versus Alex Barré-Boulet in Hershey Bears zone.
5:43 of 3rd period - Snap shot by Cole Schneider.
5:43 of 3rd period - Shot Blocked by Gustav Olofsson.
5:45 of 3rd period - Snap shot by Cole Schneider.
5:45 of 3rd period - Goal by Cole Schneider - Hershey Bears : 5 - Belleville Senators : 4.
5:46 of 3rd period - Ryan Carpenter wins face-off versus Kieffer Bellows in neutral zone.
5:48 of 3rd period - Off-side.
5:49 of 3rd period - Kieffer Bellows wins face-off versus Ryan Carpenter in neutral zone.
6:38 of 3rd period - Snap shot by Gabriel Landeskog.
6:38 of 3rd period - Stopped by Magnus Hellberg without a rebound.
6:39 of 3rd period - Sean Farrell wins face-off versus Gabriel Landeskog in Hershey Bears zone.
6:44 of 3rd period - Wrist shot by Gabriel Landeskog.
6:44 of 3rd period - Shot Misses the Net.
6:50 of 3rd period - Slapshot by Gabriel Landeskog.
6:50 of 3rd period - Shot Blocked by Vincent Lorio.
6:52 of 3rd period - Slapshot by Cole Schneider.
6:52 of 3rd period - Shot Misses the Net.
6:54 of 3rd period - Snap shot by Cole Schneider.
6:54 of 3rd period - Stopped by Magnus Hellberg without a rebound.
6:55 of 3rd period - Kieffer Bellows wins face-off versus Alex Barré-Boulet in Hershey Bears zone.
6:56 of 3rd period - Backhand shot by Isaac Ratcliffe.
6:56 of 3rd period - Shot Misses the Net.
6:58 of 3rd period - Slapshot by Cole Schneider.
6:58 of 3rd period - Shot Blocked by Marc Del Gaizo.
7:00 of 3rd period - Slapshot by Dillon Simpson.
7:00 of 3rd period - Shot Misses the Net.
7:02 of 3rd period - Wrist shot by Cole Schneider.
7:02 of 3rd period - Stopped by Magnus Hellberg with a rebound.
7:04 of 3rd period - Snap shot by Kieffer Bellows.
7:04 of 3rd period - Shot Misses the Net.
7:06 of 3rd period - Wrist shot by Kieffer Bellows.
7:06 of 3rd period - Shot Misses the Net.
7:35 of 3rd period - Minor Penalty to Lukas Reichel for Hooking.
7:36 of 3rd period - A.J. Greer wins face-off versus Justin Kirkland in Hershey Bears zone.
7:42 of 3rd period - Philip Broberg is hit by Tyler Wotherspoon and loses puck.
8:17 of 3rd period - Michael Karow is hit by Glenn Gawdin and loses puck.
8:22 of 3rd period - Wrist shot by Kieffer Bellows.
8:22 of 3rd period - Shot Misses the Net.
8:24 of 3rd period - Snap shot by Kieffer Bellows.
8:24 of 3rd period - Goal by Kieffer Bellows - Hershey Bears : 5 - Belleville Senators : 5.
8:25 of 3rd period - Ryan Carpenter wins face-off versus Kieffer Bellows in neutral zone.
8:41 of 3rd period - Wrist shot by Gerry Mayhew.
8:41 of 3rd period - Stopped by Dylan Garand without a rebound.
8:42 of 3rd period - Glenn Gawdin wins face-off versus Sean Farrell in Belleville Senators zone.
8:42 of 3rd period - Glenn Gawdin is hit by Sean Farrell.
9:04 of 3rd period - Minor Penalty to Jeffrey Viel for Tripping.
9:05 of 3rd period - Ryan Carpenter wins face-off versus Justin Kirkland in Hershey Bears zone.
9:51 of 3rd period - Alex Barré-Boulet is hit by Cole Schneider and loses puck.
10:10 of 3rd period - A.J. Greer is hit by Kristians Rubins and loses puck.
11:04 of 3rd period - Penalty to Jeffrey Viel is over, Jeffrey Viel is back on ice.
11:24 of 3rd period - Wrist shot by A.J. Greer.
11:24 of 3rd period - Shot Misses the Net.
11:48 of 3rd period - Snap shot by Glenn Gawdin.
11:48 of 3rd period - Stopped by Magnus Hellberg with a rebound.
12:06 of 3rd period - Snap shot by A.J. Greer.
12:06 of 3rd period - Stopped by Dylan Garand without a rebound.
12:07 of 3rd period - Alex Barré-Boulet wins face-off versus Kieffer Bellows in Belleville Senators zone.
13:09 of 3rd period - Isaac Ratcliffe is hit by Gustav Olofsson and loses puck.
13:24 of 3rd period - Cole Schneider is hit by Gemel Smith and loses puck.
13:49 of 3rd period - Gabriel Landeskog is hit by Lukas Reichel and loses puck.
14:30 of 3rd period - Kristians Rubins is hit by Gustav Olofsson and loses puck.
15:23 of 3rd period - Brett Murray is hit by A.J. Greer and loses puck.
17:00 of 3rd period - Brett Murray is hit by Kaedan Korczak and loses puck.
17:31 of 3rd period - Kristians Rubins is hit by Jeffrey Viel and loses puck.
17:36 of 3rd period - Snap shot by Jonas Rondbjerg.
17:36 of 3rd period - Stopped by Dylan Garand with a rebound.
17:38 of 3rd period - Snap shot by Jeffrey Viel.
17:38 of 3rd period - Shot Misses the Net.
17:40 of 3rd period - Wrist shot by Marc Del Gaizo.
17:40 of 3rd period - Shot Blocked by Kristians Rubins.
19:21 of 3rd period - Lukas Reichel is hit by Kieffer Bellows and loses puck.
Goals for this period are 0 for Hershey Bears vs 4 for Belleville Senators.
Shots for this period are 3 for Hershey Bears vs 14 for Belleville Senators.

Overtime #1


0:01 of 1st overtime period - Brett Murray wins face-off versus Kevin Rooney in neutral zone.
0:14 of 1st overtime period - Snap shot by Beck Malenstyn.
0:14 of 1st overtime period - Deflect By Kevin Rooney.
0:14 of 1st overtime period - Shot Misses the Net.
0:14 of 1st overtime period - Puck is out of play.
0:15 of 1st overtime period - Brett Murray wins face-off versus Kevin Rooney in Hershey Bears zone.
0:16 of 1st overtime period - Snap shot by Beck Malenstyn.
0:16 of 1st overtime period - Shot Blocked by Gustav Olofsson.
0:18 of 1st overtime period - Slapshot by Tyler Wotherspoon.
0:18 of 1st overtime period - Shot Blocked by Gustav Olofsson.
0:20 of 1st overtime period - Snap shot by Brett Murray.
0:20 of 1st overtime period - Stopped by Magnus Hellberg without a rebound.
0:21 of 1st overtime period - Kevin Rooney wins face-off versus Brett Murray in Hershey Bears zone.
1:07 of 1st overtime period - Snap shot by Beck Malenstyn.
1:07 of 1st overtime period - Deflect By Brett Murray.
1:07 of 1st overtime period - Stopped by Magnus Hellberg with a rebound.
1:09 of 1st overtime period - Slapshot by Tyler Wotherspoon.
1:09 of 1st overtime period - Shot Blocked by A.J. Greer.
1:11 of 1st overtime period - Snap shot by Brett Murray.
1:11 of 1st overtime period - Stopped by Magnus Hellberg without a rebound.
1:12 of 1st overtime period - Gemel Smith wins face-off versus Glenn Gawdin in Hershey Bears zone.
1:17 of 1st overtime period - Glenn Gawdin is hit by Gustav Olofsson and loses puck.
1:26 of 1st overtime period - Snap shot by Mackenzie MacEachern.
1:26 of 1st overtime period - Stopped by Dylan Garand with a rebound.
Goals for this period are 0 for Hershey Bears vs 0 for Belleville Senators.
Shots for this period are 1 for Hershey Bears vs 3 for Belleville Senators.

ShootOut


5:00 of 1st overtime period - Round #1.
5:00 of 1st overtime period - Hershey Bears, Yegor Chinakhov.
5:00 of 1st overtime period - Wrist shot by Yegor Chinakhov.
5:00 of 1st overtime period - Shot Misses the Net.
5:00 of 1st overtime period - Belleville Senators, Charles Hudon.
5:00 of 1st overtime period - Deke by Charles Hudon.
5:00 of 1st overtime period - Stopped by Magnus Hellberg.
5:00 of 1st overtime period - Round #2.
5:00 of 1st overtime period - Hershey Bears, Lukas Reichel.
5:00 of 1st overtime period - Wrist shot by Lukas Reichel.
5:00 of 1st overtime period - Stopped by Dylan Garand.
5:00 of 1st overtime period - Belleville Senators, Isaac Ratcliffe.
5:00 of 1st overtime period - Snap shot by Isaac Ratcliffe.
5:00 of 1st overtime period - Stopped by Magnus Hellberg.
5:00 of 1st overtime period - Round #3.
5:00 of 1st overtime period - Hershey Bears, Alex Barré-Boulet.
5:00 of 1st overtime period - Wrist shot by Alex Barré-Boulet.
5:00 of 1st overtime period - Goal by Alex Barré-Boulet.
5:00 of 1st overtime period - Belleville Senators, Gabriel Landeskog.
5:00 of 1st overtime period - Snap shot by Gabriel Landeskog.
5:00 of 1st overtime period - Goal by Gabriel Landeskog.
5:00 of 1st overtime period - Round #4.
5:00 of 1st overtime period - Hershey Bears, Kevin Rooney.
5:00 of 1st overtime period - Wrist shot by Kevin Rooney.
5:00 of 1st overtime period - Shot Misses the Net.
5:00 of 1st overtime period - Belleville Senators, Cole Schneider.
5:00 of 1st overtime period - Snap shot by Cole Schneider.
5:00 of 1st overtime period - Goal by Cole Schneider.